 Dungeon Crawl Stone Soup version 0.27-a0-1084-g78b3836a5f (webtiles) character file.

Game seed: 10620316329933022360

165 tardwrangler69 the Poker (level 5, 0/41 HPs)
             Began as a Merfolk Gladiator on Apr 26, 2021.
             Slain by Sigmund
             ... wielding a +0 scythe
              (13 damage)
             ... on level 2 of the Dungeon.
             The game lasted 00:01:53 (1787 turns).

tardwrangler69 the Poker (Merfolk Gladiator)        Turns: 1787, Time: 00:01:53

Health: 0/41       AC:  4    Str: 13 (16) XL:     5   Next: 46%
Magic:  5/5        EV: 13    Int:  4 (7)  God:
Gold:   102        SH:  0    Dex: 13 (15) Spells: 4/4 levels left

rFire    . . .     SeeInvis .   a - +0 trident
rCold    . . .     Faith    .   (no shield)
rNeg     . . .     Spirit   .   b - +0 leather armour
rPois    .         Reflect  .   c - +0 helmet
rElec    .         Harm     .   (no cloak)
rCorr    .         Rampage  .   (no gloves)
Will     .....                  (no boots)
Stlth    +.........             (no amulet)
HPRegen  0.13/turn              (no ring)
MPRegen  0.09/turn              (no ring)

@: flying, hasted, very quick
A: (nimble swimmer 2), mertail
a: no special abilities


You were on level 2 of the Dungeon.
You visited 1 branch of the dungeon, and saw 2 of its levels.

You collected 102 gold pieces.

Inventory:

Hand Weapons
 a - a +0 trident (weapon)
Missiles
 d - 3 throwing nets (quivered)
 l - 3 curare-tipped darts
Armour
 b - a +0 leather armour (worn)
 c - a +0 helmet (worn)
Scrolls
 f - a scroll of teleportation {unknown}
 h - a scroll of identify {unknown}
Potions
 j - a potion of curing {unknown}
 k - a potion of brilliance {unknown}


   Skills:
 + Level 3.5 Fighting
 * Level 6.9 Polearms
 - Level 2.0 Throwing
 + Level 5.2 Dodging


You had 4 spell levels left.
You didn't know any spells.
Your spell library was empty.

Dungeon Overview and Level Annotations

Branches:
Dungeon (2/15)

Altars:

Annotations:
D:2 Sigmund


Innate Abilities, Weirdness & Mutations

((You are quick and stealthy near water. (Stealth+, EV+, Speed+++)))
Your lower body shifts to a powerful aquatic tail in water.


Message History

Sigmund closely misses you.
You reach to attack!
You hit Sigmund.
Sigmund is moderately wounded.
Sigmund closely misses you.
You reach to attack!
You hit Sigmund.
Sigmund is moderately wounded.
Sigmund screams, "You will never...
NEVER!!!"
Sigmund closely misses you.
You reach to attack!
You hit Sigmund.
Sigmund is heavily wounded.
Sigmund closely misses you.
You reach to attack!
You closely miss Sigmund.
Sigmund is heavily wounded.
Sigmund barely misses you.
You reach to attack!
You closely miss Sigmund.
Sigmund is heavily wounded.
Sigmund screams, "Die, monster!"
Sigmund hits you from afar with a +0 scythe!
You reach to attack!
You closely miss Sigmund.
Sigmund is heavily wounded.
Sigmund closely misses you.
You reach to attack!
You closely miss Sigmund.
Sigmund is heavily wounded.
Sigmund points at you and mumbles some strange words.
The magic dart hits you.
You are too injured to fight recklessly!
You are too injured to fight recklessly!
You are too injured to fight recklessly!
It was a potion of degeneration.
There was something very wrong with that liquid.
You feel weakened.
You feel dopey.
You feel clumsy. Sigmund gestures at you while chanting.
The magic dart hits you.
It was a potion of haste.
You feel yourself speed up. Sigmund closely misses you.
It was a potion of flight.
You feel very buoyant.
You fly up into the air.
Sigmund hits you from afar with a +0 scythe!
You die...

........#.....
#...##.#.####
###........####
.......<......#
##.#....####.#
####.##..###
#..
#..........#
###
####.###......#
#.@.># #......#
#...@)####
#......# #..:..
#......# #.....
#......# #.....
#......# #.....
#......# #.....
######## #.....


You could see Sigmund.

Vanquished Creatures
  Jessica (D:2)
  Natasha (thrice) (D:2)
  3 adders (D:2)
  A worm (D:2)
  2 dart slugs (D:1)
  3 bats
  3 endoplasms
  2 giant cockroaches
  4 goblins
  3 hobgoblins (D:2)
  7 kobolds
  2 ball pythons
  A rat (D:1)
35 creatures vanquished.

Notes
Turn   | Place    | Note
-------+----------+-------------------------------------------
     0 | D:1      | tardwrangler69 the Merfolk Gladiator began the quest for
                  | the Orb.
     0 | D:1      | Reached XP level 1. HP: 16/16 MP: 1/1
   109 | D:1      | Reached XP level 2. HP: 23/23 MP: 2/2
   271 | D:1      | Reached skill level 5 in Polearms
   940 | D:2      | Reached XP level 3. HP: 28/28 MP: 3/3
  1143 | D:2      | Noticed Natasha
  1149 | D:2      | Killed Natasha
  1150 | D:2      | Reached XP level 4. HP: 30/34 MP: 4/4
  1162 | D:2      | Reached skill level 6 in Polearms
  1351 | D:2      | Noticed Natasha
  1361 | D:2      | Killed Natasha
  1377 | D:2      | Reached skill level 5 in Dodging
  1397 | D:2      | Noticed Natasha
  1411 | D:2      | Killed Natasha
  1412 | D:2      | Reached XP level 5. HP: 20/41 MP: 5/5
  1769 | D:2      | Noticed Sigmund
  1771 | D:2      | Noticed Jessica
  1775 | D:2      | Killed Jessica
  1787 | D:2      | Slain by Sigmund

Illustrated notes

Levels and vault maps discovered:
D:1:      eino_arrival_water_star, layout_loops_cross,
          ebering_dispersal_statue_hall
D:2:      layout_rooms, uniq_natasha, uniq_jessica, uniq_sigmund

Skill      XL: |  1  2  3  4 |
---------------+-------------+-----
Polearms       | 5 6 |  6.9
Fighting       | 3 |  3.5
Dodging        | 5 |  5.2
Throwing       | |  2.0

Action                   |  1- 3 |  4- 6 || total
-------------------------+-------+-------++-------
Melee: Trident           |    78 |    60 ||   138
  Use: Potion            |       |     3 ||     3
 Stab: Sleeping          |     2 |       ||     2
Armor: Leather armour    |    10 |     8 ||    18
Dodge: Dodged            |    38 |    38 ||    76

Table legend: (Time is in decaauts)
 A = Elapsed time spent in this place.
 B = Non-inter-level travel time spent in this place.
 C = Inter-level travel time spent in this place.
 D = Time resting spent in this place.
 E = Time spent auto-exploring this place.
 F = Levels seen in this place.
 G = Mean time per level.
                   A        B        C        D        E       F      G
               +--------+--------+--------+--------+--------+-----+--------+
         Total |   1787 |   1770 |     17 |      0 |   1539 |   2 |  893.5 |
       Dungeon |   1787 |   1770 |     17 |      0 |   1539 |   2 |  893.5 |
               +--------+--------+--------+--------+--------+-----+--------+

Top non-repeatable levels by time:
     D:1: 936 daAuts
     D:2: 851 daAuts
